 Dungeon Crawl Stone Soup version 0.26.1-11-gd32895ea62 (webtiles) character file.

Game seed: 16723301219892539967

7057 Gwenloh the Basher (level 11, -6/78 HPs)
             Began as a Human Berserker on May 7, 2021.
             Was a High Priest of Trog.
             Mangled by a boulder beetle (19 damage)
             ... on level 10 of the Dungeon.
             The game lasted 00:33:09 (12566 turns).

Gwenloh the Basher (Human Berserker)               Turns: 12566, Time: 00:33:09

Health: -6/78      AC:  8    Str: 18    XL:     11   Next: 30%
Magic:  20/20      EV: 15    Int:  8    God:    Trog [*****.]
Gold:   304        SH:  0    Dex: 15    Spells: 10/10 levels left

rFire    . . .     SeeInvis .   N - +2 flail (vorpal)
rCold    + . .     Faith    .   (no shield)
rNeg     . . .     Spirit   .   F - +0 leather armour (curse)
rPois    .         Reflect  .   f - +0 helmet
rElec    .         Harm     .   r - +2 cloak
rCorr    .         Rampage  .   (no gloves)
Will     .....                  (no boots)
Stlth    +.........             P - amulet of the acrobat
HPRegen  0.23/turn              H - ring of magical power
MPRegen  0.17/turn              n - ring of protection from cold

@: no status effects
A: no striking features
a: Renounce Religion, Berserk, Trog's Hand, Brothers in Arms


You were on level 10 of the Dungeon.
You worshipped Trog.
Trog was extremely pleased with you.
You visited 2 branches of the dungeon, and saw 11 of its levels.
You also visited: Sewer.

You collected 434 gold pieces.
You spent 130 gold pieces at shops.

Inventory:

Hand Weapons
 L - a +2 flail of protection
 N - a +2 vorpal flail (weapon)
Missiles
 b - 419 stones
 c - 9 curare-tipped darts
 h - 72 bolts
 s - 31 sling bullets
 E - 7 boomerangs (quivered)
 O - 129 arrows
 Q - 5 silver javelins
 T - 18 poisoned darts
Armour
 f - a +0 helmet (worn)
 m - a +0 scale mail
 r - a +2 cloak (worn)
 F - a cursed +0 leather armour (worn)
 R - a +0 plate armour of poison resistance
Jewellery
 n - a ring of protection from cold (right hand)
 H - a ring of magical power (left hand)
 P - an amulet of the acrobat (around neck)
Wands
 a - a wand of iceblast (9)
 u - a wand of acid (7)
 K - a wand of flame (18)
Scrolls
 i - 11 scrolls of teleportation
 j - 5 scrolls of remove curse
 k - 2 scrolls of enchant weapon
 l - a scroll of fear
 q - 2 scrolls of enchant armour
 y - 2 scrolls of fog
 C - a scroll of magic mapping
 S - a scroll of acquirement {unknown}
Potions
 o - 4 potions of heal wounds
 p - a potion of resistance {unknown}
 t - 2 potions of invisibility {unknown}
 w - a potion of magic {unknown}
 x - a potion of attraction {unknown}
 z - 6 potions of flight {unknown}
 A - 3 potions of curing {unknown}
 B - 2 potions of brilliance {unknown}
 D - 2 potions of lignification {unknown}
 G - a potion of degeneration {unknown}
 I - a potion of ambrosia {unknown}
 J - a potion of mutation {unknown}
 M - a potion of haste {unknown}


   Skills:
 + Level 4.9 Fighting
 * Level 13.5 Maces & Flails
 * Level 5.9 Armour
 * Level 5.9 Dodging
 + Level 3.5 Evocations


You had 10 spell levels left.
You didn't know any spells.
Your spell library contained the following spells:

 Spells                   Type           Power        Failure   Level
 Animate Skeleton         Necr           0%           45%         1
 Apportation              Tloc           0%           45%         1
 Corona                   Hex            0%           45%         1
 Summon Small Mammal      Summ           0%           45%         1


Dungeon Overview and Level Annotations

Branches:
Dungeon (10/15)            Temple (1/1) D:4           Sewer (visited)
   Lair: D:8-11         Orc: D:9-12

Altars:
Ashenzari
Cheibriados
Dithmenos
Elyvilon
Fedhas
Gozag
Hepliaklqana
Kikubaaqudgha
Makhleb
Nemelex Xobeh
Okawaru
Qazlal
Ru
Sif Muna
Trog
Uskayaw
Vehumet
Wu Jian
Xom
Yredelemnul
Zin
The Shining One

Shops:
D:4 (   D:5 =**


Message History

The boulder beetle is heavily wounded.
You hit the boulder beetle but do no damage.
The boulder beetle is heavily wounded.
The boulder beetle bites you!!
You hit the boulder beetle but do no damage.
The boulder beetle is heavily wounded.
The boulder beetle completely misses you.
You hit the boulder beetle but do no damage.
The boulder beetle is heavily wounded.
The boulder beetle bites you!
You hit the boulder beetle.
The boulder beetle is heavily wounded.
You hit the boulder beetle.
The boulder beetle is severely wounded.
The boulder beetle bites you!!
* * * LOW HITPOINT WARNING * * *
You hit the boulder beetle.
The boulder beetle is severely wounded.
The boulder beetle bites you!!
You die...

.###†# .# #.#
.###.####.## ###
.##.†......# #..
.##..####..###
#.#
..............
...
###....##..##
#.# #.##.##..#
#B# #. #.##..#
#@#
#.##†##..#####.#
#........#.....#
#......<.#.#####
...........#.#
.##..........#
.........####
.##.......#
.........#


You could see a boulder beetle.

Vanquished Creatures
  The ghost of GrimJard the Ducker, a novice DrFE of Sif Muna (D:5)
  9 yaks (D:10)
  Grum (D:8)
  A two-headed ogre zombie (D:10)
  A water moccasin (D:7)
  2 sky beasts
  4 orc warriors
  3 ice beasts
  8 black bears
  6 ogres
  A phantom (D:4)
  3 centaurs
  3 wolves (D:8)
  2 big kobolds
  3 bullfrogs
  A wyvern skeleton (D:10)
  3 scorpions
  9 wights
  3 howler monkeys
  A centaur zombie (D:9)
  A bullfrog zombie (D:5)
  An orc priest (D:9)
  6 hounds
  3 jellies
  5 orc wizards
  Terence (D:2)
  2 iguanas
  12 worker ants
  2 hound skeletons (D:5)
  A mummy (D:5)
  A worker ant zombie (D:7)
  3 howler monkey skeletons
  9 gnolls
  12 adders
  4 white imps
  An ooze (D:3)
  2 ufetubi (D:8)
  An adder zombie (D:5)
  4 worms
  3 dart slugs
  11 leopard geckos
  21 orcs
  5 giant cockroaches
  11 goblins
  11 hobgoblins
  15 jackals
  5 quokkas
  3 ball pythons
  14 bats
  7 frilled lizards
  2 goblin zombies (D:10)
  A jackal skeleton (D:5)
  A jackal zombie (D:6)
  16 kobolds
  2 orc zombies (D:10)
  2 quokka skeletons (D:4)
  A quokka zombie (D:7)
  6 rats
273 creatures vanquished.

Vanquished Creatures (others)
  15 plants (D:3)
15 creatures vanquished.

Grand Total: 288 creatures vanquished

Notes
Turn   | Place    | Note
-------+----------+-------------------------------------------
     0 | D:1      | Gwenloh the Human Berserker began the quest for the Orb.
     0 | D:1      | Reached XP level 1. HP: 18/18 MP: 1/1
   260 | D:1      | Reached XP level 2. HP: 24/24 MP: 2/2
   628 | D:1      | Reached skill level 4 in Maces & Flails
   628 | D:1      | Reached XP level 3. HP: 29/29 MP: 3/3
   771 | D:1      | Reached ** piety under Trog
  1123 | D:1      | Reached XP level 4. HP: 35/35 MP: 4/4
  1303 | D:2      | Noticed Terence
  1326 | D:2      | Killed Terence
  1327 | D:2      | Reached skill level 5 in Maces & Flails
  1702 | D:2      | Found a sacrificial altar of Ru.
  2275 | D:2      | Reached XP level 5. HP: 41/41 MP: 5/5
  2664 | D:3      | Found a glowing drain.
  2727 | Sewer    | Entered a sewer
  2741 | Sewer    | Reached skill level 6 in Maces & Flails
  3625 | D:3      | Reached XP level 6. HP: 47/47 MP: 6/6
  3744 | D:3      | Reached *** piety under Trog
  4034 | D:4      | Found a shadowy altar of Dithmenos.
  4041 | D:4      | Found an opulent altar of Gozag.
  4046 | D:4      | Found a radiant altar of Vehumet.
  4048 | D:4      | Found an iron altar of Okawaru.
  4086 | D:4      | Noticed a black bear
  4099 | D:4      | Killed a black bear
  4148 | D:4      | Found Dyggifov's Weapon Boutique.
  4166 | D:4      | Reached skill level 7 in Maces & Flails
  4326 | D:4      | Found a staircase to the Ecumenical Temple.
  4335 | Temple   | Entered the Ecumenical Temple
  4805 | D:4      | Noticed a phantom
  4838 | D:4      | Killed a phantom
  4839 | D:4      | Reached XP level 7. HP: 33/52 MP: 7/7
  5073 | D:4      | Reached skill level 8 in Maces & Flails
  5092 | D:4      | Found a shimmering altar of Xom.
  5092 | D:4      | Found a blossoming altar of Fedhas.
  5092 | D:4      | Found a shimmering blue altar of Sif Muna.
  5423 | D:5      | Entered Level 5 of the Dungeon
  5861 | D:5      | Found Jamnots's General Store.
  6019 | D:5      | Found a transporter.
  6019 | D:5      | Noticed GrimJard's ghost (novice DrFE)
  6089 | D:5      | Reached XP level 8. HP: 57/58 MP: 8/8
  6097 | D:5      | Reached skill level 9 in Maces & Flails
  6167 | D:5      | Found Cumamady's Jewellery Shop.
  6249 | D:5      | Found a transporter.
  6385 | D:5      | Found Rynloma's General Store.
  6388 | D:5      | Bought a wand of flame (14) for 80 gold pieces
  6388 | D:5      | Bought a potion of heal wounds for 50 gold pieces
  6459 | D:5      | Killed GrimJard's ghost
  6460 | D:5      | Reached skill level 10 in Maces & Flails
  6557 | D:5      | Reached XP level 9. HP: 14/63 MP: 9/9
  6802 | D:6      | Reached skill level 11 in Maces & Flails
  7629 | D:7      | Reached skill level 12 in Maces & Flails
  7743 | D:7      | HP: 3/63 [poisoned by a big kobold]
  7751 | D:7      | HP: 3/63 [poisoned by a big kobold]
  9115 | D:7      | Found a radiant altar of Vehumet.
  9187 | D:7      | Reached skill level 1 in Evocations
  9187 | D:7      | Reached XP level 10. HP: 65/70 MP: 10/10
  9577 | D:8      | Reached **** piety under Trog
 10656 | D:8      | Noticed Grum
 10666 | D:8      | Killed Grum
 10676 | D:8      | Reached skill level 13 in Maces & Flails
 11875 | D:10     | Entered Level 10 of the Dungeon
 11889 | D:10     | Reached skill level 5 in Armour
 11889 | D:10     | Reached skill level 5 in Dodging
 11958 | D:10     | Reached XP level 11. HP: 77/78 MP: 11/11
 12216 | D:10     | Reached ***** piety under Trog
 12552 | D:10     | Noticed a boulder beetle
 12566 | D:10     | Mangled by a boulder beetle

Illustrated notes

Levels and vault maps discovered:
D:1:      dpeg_arrival_simpleton_b, layout_basic
D:2:      layout_loops_cross, lemuel_round_altar, kennysheep_generic_room_13,
          uniq_terence
D:3:      layout_loops_cross, gup_sewer_entry_glass, serial_bayou,
          serial_bayou_shore_b, serial_bayou_pond_a, serial_bayou_lagoon_a,
          serial_bayou_pond_d
D:4:      layout_gridville, gammafunk_temple_overflow_claw, minitemple,
          minmay_temple_entry_hall, serial_shops, nicolae_shop_waterfront
D:5:      layout_rooms, gammafunk_ghost_mausoleum, serial_shops,
          nicolae_shop_statue_plus, nicolae_shop_statue_plus,
          kennysheep_mini_moat, kennysheep_flooded_box
D:6:      layout_loops_ring, serial_glass, glass_columns_b, glass_columns_b
D:7:      layout_basic, grunt_ministairs_15, vehumet_altar_wand_db
D:8:      layout_basic, david_lair_shrubbed, uniq_grum
D:9:      layout_loops_ring, hangedman_decor_riveting, serial_bayou_crossing
D:10:     layout_loops_ring, zombieorc2_lemuel, uniq_snorg, uniq_urug
Temple:   dpeg_chambers_temple

Skill      XL: |  1  2  3  4  5  6  7  8  9 10 11 |
---------------+----------------------------------+-----
Maces & Flails | 4 5 6 7 8 10 12 13 | 13.5
Evocations     | 1 2 3 |  3.5
Armour         | 5 |  5.9
Dodging        | 5 |  5.9
Fighting       | 4 |  4.9

Action                   |  1- 3 |  4- 6 |  7- 9 | 10-12 || total
-------------------------+-------+-------+-------+-------++-------
Melee: Mace              |    49 |       |       |       ||    49
       Whip              |    25 |   158 |       |       ||   183
       Morningstar       |       |   172 |   102 |       ||   274
       Flail             |       |       |   220 |   350 ||   570
Throw: Stone             |    42 |   114 |    16 |       ||   172
       Boomerang         |       |       |     8 |    39 ||    47
Invok: Berserk           |     1 |     3 |     2 |     6 ||    12
       Trog's Hand       |       |     2 |     8 |     4 ||    14
Evoke: Wand              |       |       |       |     3 ||     3
  Use: Scroll            |       |     5 |     4 |     2 ||    11
 Stab: Sleeping          |       |     1 |     1 |     1 ||     3
Armor: Animal skin       |     7 |       |       |       ||     7
       Leather armour    |     6 |   134 |    73 |    73 ||   286
Dodge: Dodged            |    39 |   244 |   162 |   205 ||   650
